Map: 에버 드림 - 래더

Players

Nzs - Winner!

  • Race: Protoss Protoss
  • League: Grandmaster
  • Spawn Location: 7:00

llllllllllll

  • Race: Terran Terran
  • League: Master
  • Spawn Location: 1:00

VOD

Have the link to the VOD?

Description

Time

  • Played on: July 26, 2020, 3:45 a.m.
  • Length: 7:34
Show
View Real Time Build Order
Export as new Build Order

Nzs Protoss - Winner!

Build Orders: 1 Gate Expand, Phoenix Opening 

Get SALT Encoding   

  12  0:00  Probe  
  13  0:12  Probe  
  14  0:16  Pylon  
  14  0:25  Probe  
  15  0:34  Probe  
  15  0:36  Gateway  
  16  0:42  Probe  
  16  0:48  Assimilator  
  17  0:51  Probe  
  18  1:03  Probe  
  19  1:15  Probe  
  20  1:25  Cybernetics Core  
  20  1:33  Nexus  
  20  1:40  Pylon  
  20  1:45  Assimilator  
  20  1:48  Probe  
  20  1:53  Sentry  
  21  2:00  Probe  
  22  2:04  Shield Battery  
  24  2:09  Warp Gate  
  24  2:12  Probe  
  25  2:24  Probe  
  26  2:37  Stargate, Probe  
  27  2:42  Adept  
  29  2:47  Probe  
  29  2:49  Probe  
  31  2:59  Probe  
  31  3:01  Probe  
  33  3:10  Probe x2  
  33  3:12  Adept  
  36  3:18  Probe x2  
  37  3:26  Probe  
  39  3:30  Phoenix  
  39  3:32  Gateway  
  42  3:38  Probe  
  42  3:39  Gateway  
  43  3:41  Pylon  
  43  3:45  Probe  
  44  3:50  Probe  
  45  3:56  Phoenix  
  45  3:57  Probe  
  49  4:02  Probe  
  49  4:05  Pylon  
  49  4:09  Probe, Pylon  
  50  4:10  Adept  
  50  4:14  Probe  
  50  4:15  Phoenix  
  55  4:24  Nexus  
  55  4:26  Phoenix  
  55  4:28  Pylon  
  55  4:32  Phoenix  
  55  4:36  Assimilator  
  55  4:39  Assimilator  
  55  4:42  Robotics Facility  
  57  4:46  Probe x2  
  59  4:57  Phoenix  
  59  4:58  Probe x2  
  63  5:10  Probe x2  
  59  5:25  Adept  
  59  5:26  Adept x2  
  65  5:29  Probe x2  
  67  5:38  Probe  
  67  5:41  Probe  
  69  5:48  Probe  
  69  5:53  Probe, Observer  
  69  5:54  Robotics Bay  
  71  6:00  Phoenix, Probe, Pylon  
  74  6:04  Probe  
  74  6:09  Immortal  
  74  6:10  Probe  
  76  6:17  Phoenix  
  76  6:18  Probe x2  
  84  6:26  Sentry  
  84  6:27  Shield Battery  
  84  6:28  Shield Battery  
  84  6:29  Probe  
  87  6:35  Probe, Twilight Council  
  86  6:47  Observer  
  86  6:49  Phoenix  
  89  6:57  Stalker x3  
  95  7:06  Probe  
  96  7:09  Pylon  
  96  7:17  Pylon  
  92  7:22  Adept x3  
Show
View Real Time Build Order
Export as new Build Order

llllllllllll Terran 

Build Orders: Reaper Expand 

Get SALT Encoding   

  12  0:00  SCV  
  13  0:13  SCV  
  14  0:17  Supply Depot  
  14  0:25  SCV  
  15  0:39  SCV  
  15  0:41  Barracks  
  16  0:46  Refinery  
  16  0:51  SCV  
  17  1:03  SCV  
  18  1:15  SCV  
  19  1:28  Orbital Command  
  19  1:30  Reaper  
  20  1:39  Command Center  
  20  1:49  Supply Depot  
  20  1:54  SCV  
  21  2:01  Marine  
  21  2:06  SCV  
  23  2:16  Factory  
  23  2:18  SCV  
  24  2:25  Refinery, Barracks Reactor  
  24  2:30  SCV  
  25  2:42  SCV  
  26  2:51  Bunker  
  26  3:03  SCV, Orbital Command  
  26  3:04  Marine x2  
  26  3:05  Widow Mine  
  31  3:10  Starport  
  31  3:15  SCV  
  32  3:22  Marine x2  
  34  3:28  Widow Mine  
  34  3:29  SCV  
  34  3:30  SCV  
  34  3:32  Supply Depot  
  38  3:39  Marine x2  
  40  3:41  SCV  
  40  3:42  SCV  
  40  3:48  Medivac  
  43  3:51  Widow Mine  
  43  3:54  SCV x2  
  47  3:57  Marine x2  
  49  4:06  SCV x2  
  51  4:10  Barracks  
  51  4:13  Factory Tech Lab, Barracks  
  51  4:18  SCV x2  
  51  4:23  Starport Tech Lab  
  53  4:25  Marine  
  53  4:29  Supply Depot  
  53  4:31  Supply Depot  
  54  4:33  Engineering Bay  
  54  4:34  Refinery  
  54  4:36  SCV, Marine  
  54  4:38  SCV  
  57  4:51  Factory Reactor  
  57  4:52  Marine  
  58  4:53  SCV x2, Marine  
  58  4:55  Starport Reactor  
  58  4:57  Supply Depot  
  61  5:00  Supply Depot  
  61  5:03  Terran Infantry Weapons Level 1  
  61  5:04  Missile Turret  
  61  5:06  Marine  
  62  5:07  Missile Turret  
  62  5:08  SCV x2  
  62  5:09  Marine  
  62  5:22  Marauder, Marine, Combat Shield  
  62  5:25  Marauder  
  65  5:35  Stimpack  
  63  5:36  SCV  
  62  5:48  Marauder x2, Marine x2  
  62  5:49  Medivac x2, Widow Mine x2  
  74  5:50  SCV  
  75  5:57  SCV  
  75  6:02  SCV  
  77  6:13  Marine, Command Center  
  77  6:14  Marine, Marauder x2  
  83  6:19  Widow Mine x2  
  87  6:28  Medivac x2  
  87  6:31  Marine x2  
  93  6:34  Marine  
  93  6:39  Supply Depot  
  94  6:41  Marine  
  94  6:43  Supply Depot x2  
  94  6:47  SCV  
  94  6:49  Marine  
  94  6:50  SCV  
  94  6:53  Marauder  
  91  6:54  Marine  
  91  6:59  Marine  
  93  7:07  Marine  
  94  7:12  Marine  
Tags
 
Add a new tag
Caveats
  • Supply blocks, unpowered buildings, or Contaminate may cause inaccurate times.
  • Supply counts are checked every 10 seconds.